 Dungeon Crawl Stone Soup version 0.22.0-25-g7663229 (webtiles) character file.

34 Amnesiac the Gusty (level 3, 0/24 HPs)
             Began as a Mummy Air Elementalist on Aug 20, 2018.
             Slain by a centaur (5 damage)
             ... on level 5 of the Dungeon.
             The game lasted 00:01:57 (698 turns).

Amnesiac the Gusty (Mummy Air Elementalist)          Turns: 698, Time: 00:01:59

Health: 0/24       AC:  2    Str: 11    XL:     3   Next: 14%
Magic:  4/7        EV: 12    Int: 15    God:
Gold:   22         SH:  0    Dex: 12    Spells: 7/8 levels left

rFire    x . .     SeeInvis .   d - +0 flail
rCold    + . .     Gourm    .   (no shield)
rNeg     + + +     Faith    .   a - +0 robe
rPois    ∞         Spirit   .   (no helmet)
rElec    .         Reflect  .   (no cloak)
rCorr    .         Harm     .   (no gloves)
MR       .....                  (no boots)
Stlth    ++........             (no amulet)
HPRegen  0.08/turn              (no ring)
MPRegen  0.10/turn              (no ring)

@: no status effects
A: no food or potions, fire vulnerability, cold resistance 1, negative energy
resistance 3, torment resistance, unbreathing
a: no special abilities


You were on level 5 of the Dungeon.
You were not hungry.

You visited 1 branch of the dungeon, and saw 5 of its levels.

You collected 22 gold pieces.

Inventory:

Hand Weapons
 d - a +0 flail (weapon)
Armour
 a - a +0 robe (worn)
 f - a +0 buckler
Scrolls
 b - 2 scrolls of remove curse {!r, unknown}
 c - 2 scrolls of teleportation {!r, unknown}
 e - a scroll of identify {!r, unknown}
 g - a scroll of blinking {!r, unknown}


   Skills:
 - Level 1.5 Dodging
 - Level 1.5 Stealth
 + Level 0.7 Shields
 + Level 3.1 Spellcasting
 - Level 0.7 Conjurations
 * Level 3.1 Air Magic


You had 7 spell levels left.
You knew the following spells:

 Your Spells              Type           Power        Failure   Level  Hunger
a - Shock                 Conj/Air       #...         9%          1    N/A

Your spell library contained the following spells:

 Spells                   Type           Power        Failure   Level  Hunger
 Swiftness                Chrm/Air       #.......     16%         2    N/A
 Static Discharge         Conj/Air       #.......     26%         3    N/A
 Airstrike                Air            ##........   47%         4    N/A
 Lightning Bolt           Conj/Air       #.........   94%         5    N/A

Dungeon Overview and Level Annotations

Branches:
Dungeon (5/15)
 Temple: D:4-7

Altars:

Annotations:
D:5 exclusion: skeleton


Innate Abilities, Weirdness & Mutations

You do not eat or drink.
Your flesh is vulnerable to fire.
You are immune to poison.
Your flesh is cold resistant. (rC+)
You are immune to negative energy. (rN+++)
You are immune to unholy pain and torment.
You can survive without breathing.


Message History

Casting: Shock (safe; 10% risk of failure)
Confirm with . or Enter, or press ? or * to list all spells.
Aiming: Shock (safe; 10% risk of failure)
Press: ? - help, Shift-Dir - straight line, f/p - adder
Aim: an adder (severely wounded)
The zap hits the adder.
You kill the adder!
You have reached level 3!
Your experience leads to an increase in your attributes!
Increase (S)trength, (I)ntelligence, or (D)exterity?
You feel clever.
You start resting.
Your magical contamination has completely faded away.
You start resting.
Magic restored.
You start resting.
HP restored.
Magic restored.
Found a ration.
You see here a ration.
You see here a ration.
You now have 22 gold pieces (gained 5).
A centaur comes into view.
Found an embroidered cloak.
Wear which item? (? for menu, Esc to quit)
Okay, then.
Casting: Shock (safe; 9% risk of failure)
Confirm with . or Enter, or press ? or * to list all spells.
Aiming: Shock (safe; 9% risk of failure)
Press: ? - help, Shift-Dir - straight line, f - centaur
Aim: a centaur (resting)
The zap hits the centaur.
The centaur is moderately wounded.
The centaur shouts!
The centaur wields a glowing shortbow.
The centaur shoots an arrow.
The arrow hits you.
You start resting.
The centaur is too close now for your liking.
The centaur unwields an uncursed enchanted shortbow.
The centaur hits you.
A phantom comes into view.
The centaur hits you.
You see here an arrow.
Casting: Shock (safe; 9% risk of failure)
Confirm with . or Enter, or press ? or * to list all spells.
Aiming: Shock (safe; 9% risk of failure)
Press: ? - help, Shift-Dir - straight line, p - centaur The zap hits the centaur.
The centaur is moderately wounded.
The zap hits the centaur.
The centaur is heavily wounded.
The centaur hits you!
* * * LOW HITPOINT WARNING * * *
Casting: Shock (safe; 9% risk of failure)
Confirm with . or Enter, or press ? or * to list all spells.
Aiming: Shock (safe; 9% risk of failure)
Press: ? - help, Shift-Dir - straight line The zap misses the centaur.
The zap hits the centaur.
The centaur is severely wounded.
The centaur hits you.
* * * LOW HITPOINT WARNING * * *
A leopard gecko comes into view.
The centaur hits you.
You die...

#..#####.##..#
#.####
#............#
#.#
#...####.##.##
#.# # #..#.#
#.# ##.#.# #.#
#.# #.#.# .#
#.# #.# #.#
#.# #.# #@#
#.#
..Wl..c...#
#.#
.[.####.###
#.# #.#
#.#######.#
#.#
#..........
#.# ######...#
..# ##.#..#
..# #.##..#
#.##...


You could see a phantom, a centaur and a leopard gecko (wandering).

Vanquished Creatures
  2 adders (D:5)
  A worm (D:5)
  An orc (D:3)
  4 jackals (D:5)
  2 quokkas (D:5)
  A frilled lizard (D:1)
  A rat (D:3)
12 creatures vanquished.

Notes
Turn   | Place    | Note
-------+----------+-------------------------------------------
     0 | D:1      | Amnesiac the Mummy Air Elementalist began the quest for the Orb.
     0 | D:1      | Reached XP level 1. HP: 13/13 MP: 4/4
   205 | D:5      | Entered Level 5 of the Dungeon
   296 | D:5      | Reached XP level 2. HP: 19/19 MP: 0/5
   586 | D:5      | Reached XP level 3. HP: 15/24 MP: 1/7
   691 | D:5      | Noticed a centaur
   696 | D:5      | Noticed a phantom
   698 | D:5      | Slain by a centaur

Skill      XL: |  1  2 |
---------------+-------+-----
Spellcasting   | 3 |  3.1
Air Magic      | 3 |  3.1
Dodging        | |  1.5
Stealth        | |  1.5
Shields        | |  0.7
Conjurations   | |  0.7

Action                   || total
-------------------------++-------
Melee: Flail             ||     3
       Unarmed           ||     1
 Cast: Shock             ||    27
Armor: Robe              ||     5
Dodge: Dodged            ||     9
